 Dungeon Crawl Stone Soup version 0.30-a0-1164-ge08a67761e (webtiles) character file.

Game seed: 10160557550064320888

349 Mickster the Chopper (level 6, -2/56 HPs)
             Began as a Hill Orc Berserker on Apr 30, 2023.
             Was a Believer of Trog.
             Killed from afar by Dowan (6 damage)
             ... with a puff of flame
             ... on level 5 of the Dungeon.
             The game lasted 00:25:03 (2966 turns).

Mickster the Chopper (Hill Orc Berserker)           Turns: 2966, Time: 00:25:03

Health: -2/56      AC: 11    Str: 22    XL:     6   Next: 60%
Magic:  6/6        EV:  9    Int:  7    God:    Trog [**....]
Gold:   217        SH:  0    Dex: 10    Spells: 5/5 levels left

rFire   . . .        i - +1 rapier (elec)
rCold   . . .        (no shield)
rNeg    . . .        f - +0 chain mail
rPois   .            (no helmet)
rElec   .            h - +0 cloak
rCorr   .            (no gloves)
SInv    .            g - +0 pair of boots
Will    .....        (no amulet) Stlth
                     (no ring)
HPRegen 0.29/turn    (no ring)
MPRegen 0.10/turn

%: no passive effects
@: on berserk cooldown, slowed, very slow
A: no striking features
a: Renounce Religion, Berserk, Trog's Hand


You were on level 5 of the Dungeon.
You worshipped Trog.
Trog was pleased with you.
You visited 1 branch of the dungeon, and saw 5 of its levels.

You collected 217 gold pieces.

Inventory:

Hand Weapons
 a - a +1 hand axe
 b - a +0 arbalest
 i - a +1 rapier of electrocution (weapon)
 m - a +0 falchion of holy wrath
Missiles
 c - 38 stones
 j - 5 atropa-tipped darts
 q - 4 poisoned darts (quivered)
Armour
 f - a +0 chain mail (worn)
 g - a +0 pair of boots (worn)
 h - a +0 cloak (worn)
Wands
 l - a wand of quicksilver (12)
Scrolls
 e - 4 scrolls of identify
 o - a scroll of teleportation {unknown}
 p - a scroll of enchant weapon
Potions
 d - 2 potions of haste
 k - a potion of flight {unknown}
 n - a potion of magic {unknown}
 r - a potion of curing {unknown}


   Skills:
 + Level 5.0 Fighting
 * Level 2.9 Short Blades
 - Level 5.3 Axes
 + Level 0.1 Throwing
 + Level 4.2 Armour
 + Level 2.1 Dodging
 + Level 0.1 Stealth


You had 5 spell levels left.
You didn't know any spells.
Your spell library was empty.

Dungeon Overview and Level Annotations

Branches:
Dungeon (5/15)             Temple (0/1) D:5

Altars:

Annotations:
D:5 2 transporters, Dowan; baller8008's ghost, novice DECj


Message History

Dowan's eyes darken. "You have made a black mistake."
Dowan seems to find hidden reserves of power!
The orc priest hits you but does no damage.
Dowan zaps a wand.
The puff of flame hits you but does no damage.
The orc priest mumbles some strange prayers to Beogh against you.
Beogh smites you!
Your Short Blades skill increases to level 2!
You have reached level 6!
The orc priest closely misses you.
The orc priest hits you but does no damage.
Things that are here:
a +0 short sword; a +0 chain mail; the elf corpse of Duvessa You hit the orc priest.
The orc priest is lightly wounded.
Dowan hits you with a +0 dagger. Dowan misses you.
The orc priest hits you but does no damage.
Dowan hits you but does no damage.
You hit the orc priest.
Lightning courses through the orc priest!!
You kill the orc priest!
Trog accepts your kill. Dowan hits you but does no damage.
Dowan casts a spell.
Dowan blinks!
Your Fighting skill increases to level 5!
Dowan zaps a wand.
The puff of flame hits you!
* * * LOW HITPOINT WARNING * * *
Things that are here:
a +0 hand axe; a +0 leather armour; a +0 club Dowan zaps a wand.
The puff of flame hits you!
* * * LOW HITPOINT WARNING * * *
Dowan mumbles some strange words.
Dowan blinks!
Things that are here:
a +0 trident; an orc corpse Dowan zaps a wand.
The puff of flame hits you but does no damage.
Dowan zaps a wand.
The puff of flame hits you.
You die...

#......####.......# ....
#.##......####.......#
.#..####.##.................#
.........##..........########
#.##..?..##.......<..#######
...#.....##.. .............
##.......##.# ##...........
.#.#.....##.#####...........
...#............@)))........
.#.##.'###..#####).)........
.#.....##..## ##ยง.........
.#.###....## #..........
...#####.>.... ....e......
.#.## ####### #.:.........
.#..# #.#####.#### .#.## #.
.# ...##


You could see Dowan (fast).

Vanquished Creatures
  Duvessa (D:5)
  A hound (D:5)
  2 orc priests (D:5)
  A sleepcap (D:5)
  An orc wizard (D:5)
  A gnoll (D:1)
  An adder (D:4)
  3 worms
  A dart slug (D:1)
  5 orcs (D:5)
  2 ball pythons
  7 endoplasms
  3 giant cockroaches
  5 goblins
  10 hobgoblins
  4 jackals (D:2)
  7 kobolds
  3 quokkas
  4 bats
  2 rats
64 creatures vanquished.

Vanquished Creatures (others)
  An orc (D:5)
1 creature vanquished.

Grand Total: 65 creatures vanquished

Notes
Turn   | Place    | Note
-------+----------+-------------------------------------------
     0 | D:1      | Mickster the Hill Orc Berserker began the quest for the
                  | Orb.
     0 | D:1      | Reached XP level 1. HP: 19/19 MP: 1/1
   307 | D:1      | Reached XP level 2. HP: 22/27 MP: 2/2
   537 | D:1      | Reached XP level 3. HP: 25/33 MP: 3/3
  1271 | D:2      | Reached skill level 5 in Axes
  1343 | D:2      | Reached ** piety under Trog
  1673 | D:3      | Reached XP level 4. HP: 33/40 MP: 4/4
  1733 | D:3      | Found a faded altar of an unknown god.
  2456 | D:5      | Entered Level 5 of the Dungeon
  2465 | D:5      | Reached skill level 1 in Short Blades
  2465 | D:5      | Reached XP level 5. HP: 45/47 MP: 5/5
  2510 | D:5      | Noticed baller8008's ghost (novice DECj)
  2512 | D:5      | Found a transporter.
  2542 | D:5      | Found a transporter.
  2835 | D:5      | Found a staircase to the Ecumenical Temple.
  2940 | D:5      | Noticed Duvessa
  2943 | D:5      | Noticed Dowan
  2960 | D:5      | Killed Duvessa
  2961 | D:5      | Reached XP level 6. HP: 20/53 MP: 6/6
  2964 | D:5      | Reached skill level 5 in Fighting
  2966 | D:5      | Killed from afar by Dowan

Illustrated notes

Levels and vault maps discovered:
D:1:      minmay_arrival_jagged, layout_basic
D:2:      layout_loops_cross
D:3:      layout_loops_ring, hellmonk_ecumenical_altar_run_dry, serial_glass,
          glass_columns_c, glass_columns_b
D:4:      layout_basic, minmay_misc_feat_tower, minmay_pentomino_pile,
          uniq_robin, uniq_ijyb, uniq_edmund, uniq_eustachio
D:5:      layout_basic, minmay_temple_entry_glass, gammafunk_ghost_arena,
          nicolae_concentric_dashed_squares_mild, uniq_duvessa

Skill      XL: |  1  2  3  4  5  6 |
---------------+-------------------+-----
Fighting       | 4 5 |  5.0
Axes           | 5 |  5.3
Dodging        | 2 |  2.1
Short Blades   | 1 2 |  2.9
Armour         | 3 4 |  4.2
Throwing       | |  0.1
Stealth        | |  0.1

Action                     |  1- 3 |  4- 6 || total
---------------------------+-------+-------++-------
  Melee: Hand axe          |   115 |    35 ||   150
         Rapier            |       |    54 ||    54
         Punch             |       |     1 ||     1
  Throw: Dart              |       |     2 ||     2
 Invoke: Berserk           |       |     2 ||     2
         Trog's Hand       |       |     1 ||     1
    Use: Scroll            |     3 |     3 ||     6
         Potion            |     3 |       ||     3
 Armour: Animal skin       |     4 |       ||     4
         Chain mail        |    41 |    62 ||   103
  Dodge: Dodged            |    52 |    66 ||   118

Table legend: (Time is in decaauts)
 A = Elapsed time spent in this place.
 B = Non-inter-level travel time spent in this place.
 C = Inter-level travel time spent in this place.
 D = Time resting spent in this place.
 E = Time spent auto-exploring this place.
 F = Levels seen in this place.
 G = Mean time per level.
                   A        B        C        D        E       F      G
               +--------+--------+--------+--------+--------+-----+--------+
         Total |   2985 |   2858 |    127 |    573 |      0 |   5 |  597.0 |
       Dungeon |   2985 |   2858 |    127 |    573 |      0 |   5 |  597.0 |
               +--------+--------+--------+--------+--------+-----+--------+

Top non-repeatable levels by time:
     D:1: 1119 daAuts
     D:2: 521 daAuts
     D:5: 519 daAuts
     D:3: 444 daAuts
     D:4: 380 daAuts
